 Dungeon Crawl Stone Soup version 0.31.0-12-g77e489cdc1 (webtiles) character file.

Game seed: 8040597281502063077

3123 spaghetti the Fortune-Teller (level 9, -6/66 HPs)
             Began as a Demonspawn Hunter on Feb 18, 2024.
             Was a Believer of Nemelex Xobeh.
             Succumbed to their own dark miasma
             ... in a bailey.
             The game lasted 00:08:04 (5867 turns).

spaghetti the Fortune-Teller (Demonspawn Hunter)    Turns: 5867, Time: 00:08:05

Health: -6/66      AC: 16    Str: 16 (19) XL:     9   Next: 60%
Magic:  7/7        EV:  3    Int:  8 (9)  God:    Nemelex Xobeh [**....]
Gold:   506        SH:  4    Dex: 20      Spells: 8/8 levels left

rFire   . . .        e - +1 arbalest (drain)
rCold   . . .        (shield currently unavailable)
rNeg    . . .        h - +0 crystal plate armour of the Past {Will+ MP-9 Slay+5}
rPois   .            (helmet restricted)
rElec   .            (no cloak)
rCorr   .            (no gloves)
SInv    .            (no boots)
Will    +....        (no amulet) Stlth
                     d - ring of wizardry
HPRegen 0.31/turn    o - +6 ring of strength
MPRegen 0.10/turn

%: wizardry (x1)
@: lethally poisoned (-6 -> -38), slowed, very slow
A: antennae 1, spiny 2, sturdy frame 1, condensation shield
a: Renounce Religion, Draw Escape, Draw Destruction, Draw Summoning


You were in a bailey.
You worshipped Nemelex Xobeh.
Nemelex Xobeh was pleased with you.
You visited 1 branch of the dungeon, and saw 8 of its levels.
You also visited: Bailey.

You collected 506 gold pieces.

Inventory:

Hand Weapons
 a - a +0 shortbow of chaos
 e - a +1 arbalest of draining (weapon)
Armour
 c - a +1 leather armour
 f - the +5 ring mail "Tesutesa" {Regen+ SInv}
   (You took it off a gnoll bouda on level 5 of the Dungeon)

   SInv:      It lets you see invisible.
   Regen+:    It increases your rate of health regeneration.
 h - the +0 crystal plate armour of the Past (worn) {Will+ MP-9 Slay+5}
   (You acquired it on level 5 of the Dungeon)

   Slay+5:    It affects your accuracy & damage with ranged weapons and melee
   (+5).
   Will+:     It increases your willpower.
   MP-9:      It affects your magic capacity (-9).
 i - a +2 helmet
Jewellery
 d - a ring of wizardry (left hand)
 j - a ring of positive energy
 o - a +6 ring of strength (right hand)
Wands
 p - a wand of polymorph (7)
Scrolls
 g - 2 scrolls of fog
 k - 2 scrolls of silence
 l - 2 scrolls of fear
Potions
 b - 2 potions of berserk rage
 m - 2 potions of lignification {unknown}
 n - a potion of ambrosia
 q - a potion of attraction
 t - a potion of might


   Skills:
 + Level 4.5 Fighting
 + Level 9.1 Ranged Weapons
 + Level 4.4 Armour
 - Level 1.7 Dodging
 - Level 0.8 Stealth
 + Level 10.0 Invocations


You had 8 spell levels left.
You didn't know any spells.
Your spell library contained the following spells:

 Spells                   Type           Power      Damage    Failure   Level
 Shock                    Conj/Air       0%         1d3       100%        1
 Cigotuvi's Dreadful Rot  Necr/Alch/Air  0%         N/A       100%        2
 Dazzling Flash           Conj/Hex       0%         N/A       100%        3
 Swiftness                Air            0%         N/A       100%        3
 Volatile Blastmotes      Fire/Tloc      0%         2d10      100%        3
 Airstrike                Air            0%         2d(0-16)  100%        4
 Cause Fear               Hex            0%         N/A       100%        4
 Dispel Undead            Necr           0%         3d6       100%        4
 Martyr's Knell           Necr/Summ      0%         N/A       100%        4
 Fireball                 Conj/Fire      0%         3d3       100%        5
 Death Channel            Necr           0%         N/A       100%        6
 Starburst                Conj/Fire      0%         6d3       100%        6
 Haunt                    Necr/Summ      0%         N/A       100%        7
 Borgnjor's Revivificati  Necr           0%         N/A       100%        8
 Maxwell's Capacitive Co  Air            0%         ∞         100%        8
 Death's Door             Necr           0%         N/A       100%        9
 Dragon's Call            Summ           0%         N/A       100%        9


Dungeon Overview and Level Annotations

Branches:
Dungeon (8/15)             Temple (0/1) D:5          Bailey (1/1)
   Lair: D:8-11

Altars:
Hepliaklqana
Kikubaaqudgha
Makhleb
Nemelex Xobeh
Okawaru
Qazlal
Ru
Uskayaw
Wu Jian
Xom

Shops:
D:2 =

Annotations:
D:2 Natasha
D:4 Duvessa


Innate Abilities, Weirdness & Mutations

You have a pair of small antennae on your head.
You are mostly covered in sharp spines.
Your movements are slightly less encumbered by armour. (ER -2)
A meltable shield of frost defends you. (SH +4)


Message History

The kobold brigand hits you with a +0 war axe.
The kobold brigand barely misses you.
The kobold brigand is struck by your spines.
The kobold brigand barely misses you.
Unknown command.
You draw a card...
You have drawn the Pentagram.
The deck of cards glows slightly and disappears.
You feel very sick.
An orc warrior comes into view.
It is wielding a +0 war axe and quivering datura-tipped darts.
The kobold brigand barely misses you. x2
The kobold brigand hits your hell hound with a +0 war axe.
The kobold brigand hits you with a +0 war axe.
Unknown command.
Unknown command.
You draw a card...
You have drawn the Cloud.
Clouds appear around your foes!
You feel sick.
Your hell hound bites the kobold brigand!
The orc warrior hits you but does no damage.
The kobold brigand hits you but does no damage.
The kobold brigand barely misses your hell hound.
The kobold brigand barely misses you.
Your red devil hits the kobold brigand from afar with a +0 trident!
The kobold brigand dies!
Your hell hound closely misses the kobold brigand.
Your Invocations skill increases to level 10!
Unknown command.
Unknown command.
Unknown command.
Unknown command.
Fire: e) +1 arbalest (drain)
Press: ? - help, Q - select action, (/) - cycle Shift-Dir - straight line, f - kobold brigand
Aim: a kobold brigand, wielding a +0 war axe and quivering curare-tipped darts (moderately wounded, ally target, 64% to hit)
You shoot a bolt. The bolt hits the kobold brigand!
The kobold brigand is severely wounded.
You are engulfed in dark miasma.
You are more poisoned.
You feel as though you will be slow longer.
* * * LOW HITPOINT WARNING * * *
You die...
Your body disappears without a glow.

#~~.......~~###.#
.~~.......~~....#
#~~.......~~#####
#~.......~##
####'')####
##.....##
#∩.4...∩#
#.○○8h○.#
##○)@K○## ###o###


○KK .○○○○ ....... ..○○○.... ...○o○..... ....○○○...... You could see 2 orc
warriors, 3 kobold brigands, a friendly red devil (summoned) and a friendly hell
hound (summoned).

Vanquished Creatures
  A steam dragon (D:6)
  An acid dragon (D:8)
  An orc warrior (Bailey)
  2 ice beasts
  A black bear (D:6)
  3 ogres
  3 centaurs
  4 kobold brigands
  Blork the orc (D:6)
  A bullfrog (D:7)
  2 gnoll sergeants (D:7)
  4 scorpions
  5 wights (D:6)
  Dowan (D:4)
  3 howler monkeys (D:5)
  3 hounds
  A gnoll bouda (D:5)
  2 orc priests
  3 jellies
  3 iguanas
  Natasha (twice) (D:2)
  4 orc wizards
  13 gnolls
  8 adders
  A white imp (D:7)
  2 dart slugs
  A ribbon worm (D:2)
  22 orcs
  6 ball pythons
  A bat (D:1)
  7 endoplasms
  A giant cockroach (D:1)
  9 goblins
  8 hobgoblins
  11 jackals
  A quokka (D:1)
  4 frilled lizards
  17 kobolds
  5 rats
168 creatures vanquished.

Vanquished Creatures (collateral kills)
  A kobold brigand (Bailey)
1 creature vanquished.

Vanquished Creatures (others)
  An iguana (D:5)
1 creature vanquished.

Grand Total: 170 creatures vanquished

Notes
Turn   | Place    | Note
-------+----------+-------------------------------------------
     0 | D:1      | spaghetti the Demonspawn Hunter began the quest for the
                  | Orb.
     0 | D:1      | Reached XP level 1. HP: 16/16 MP: 1/1
   239 | D:1      | Gained mutation: You are partially covered in sharp spines.
                  | [demonic ancestry]
   239 | D:1      | Reached XP level 2. HP: 22/22 MP: 2/2
   569 | D:1      | Gained mutation: A meltable shield of frost defends you.
                  | (SH +4) [demonic ancestry]
   569 | D:1      | Reached XP level 3. HP: 27/27 MP: 3/3
  1080 | D:2      | Found a sparkling altar of Nemelex Xobeh.
  1101 | D:2      | Noticed Natasha
  1109 | D:2      | Killed Natasha
  1110 | D:2      | Reached skill level 5 in Ranged Weapons
  1147 | D:2      | Found Moherphimp's Jewellery Boutique.
  1223 | D:2      | Reached XP level 4. HP: 33/33 MP: 4/4
  1291 | D:2      | Noticed Natasha
  1293 | D:2      | Killed Natasha
  1353 | D:2      | Became a worshipper of Nemelex Xobeh the Trickster
  1681 | D:2      | Noticed Natasha
  1754 | D:3      | Reached skill level 1 in Invocations
  1854 | D:3      | Gained mutation: You are mostly covered in sharp spines.
                  | [demonic ancestry]
  1854 | D:3      | Reached XP level 5. HP: 38/38 MP: 4/6
  2484 | D:4      | Reached skill level 2 in Invocations
  2753 | D:4      | Reached skill level 3 in Invocations
  2754 | D:4      | Reached XP level 6. HP: 44/44 MP: 8/8
  2792 | D:4      | Noticed Duvessa
  2792 | D:4      | Noticed Dowan
  2794 | D:4      | Killed Dowan
  2795 | D:4      | Reached skill level 4 in Invocations
  2950 | D:5      | Entered Level 5 of the Dungeon
  2973 | D:5      | Reached skill level 5 in Invocations
  2976 | D:5      | Reached XP level 7. HP: 50/50 MP: 10/10
  2999 | D:5      | Reached skill level 6 in Invocations
  3076 | D:5      | Found a shimmering altar of Xom.
  3100 | D:5      | Reached skill level 7 in Invocations
  3149 | D:5      | Reached * piety under Nemelex Xobeh
  3172 | D:5      | Identified the +5 ring mail "Tesutesa" {Regen+ SInv}
  3175 | D:5      | Received a gift from Nemelex Xobeh
  3186 | D:5      | Gained mutation: Your movements are slightly less
                  | encumbered by armour. (ER -2) [demonic ancestry]
  3186 | D:5      | Reached XP level 8. HP: 56/56 MP: 13/13
  3292 | D:5      | Found a sacrificial altar of Ru.
  3415 | D:5      | Found a staircase to the Ecumenical Temple.
  3418 | D:5      | Identified a scroll of acquirement
  3418 | D:5      | Acquired the +0 crystal plate armour of the Past {Will+
                  | MP-9 Slay+5}
  3771 | D:6      | Noticed Blork the orc
  3775 | D:6      | Killed Blork the orc
  3776 | D:6      | Reached skill level 1 in Armour
  3796 | D:6      | Reached skill level 8 in Invocations
  3991 | D:6      | Found a hide-covered altar of Uskayaw.
  4254 | D:6      | Found an iron altar of Okawaru.
  4321 | D:6      | Gained mutation: You have a pair of small antennae on your
                  | head. [demonic ancestry]
  4321 | D:6      | Reached XP level 9. HP: 60/63 MP: 6/15
  4340 | D:6      | Reached skill level 9 in Invocations
  4522 | D:6      | You fall into a shaft and drop 1 floor!
  4598 | D:7      | Found a stormy altar of Qazlal.
  4606 | D:7      | Reached ** piety under Nemelex Xobeh
  4922 | D:7      | Found an ornate altar of the Wu Jian Council.
  4987 | D:7      | Found an ancient bone altar of Kikubaaqudgha.
  4990 | D:7      | Found a hazy altar of Hepliaklqana.
  4995 | D:7      | Found a burning altar of Makhleb.
  5637 | D:8      | Found a flagged portal.
  5642 | Bailey   | Entered a bailey
  5867 | Bailey   | Reached skill level 10 in Invocations
  5867 | Bailey   | Succumbed to their own dark miasma

Illustrated notes

Levels and vault maps discovered:
D:1:      evilmike_arrival_hilbert_curve, layout_basic, kennysheep_nondescript,
          kennysheep_minor_cross, chequers_jeans, serial_bayou_pond_b
D:2:      layout_loops_ring, basic_altar, serial_shops, shop, uniq_natasha
D:3:      layout_basic, nicolae_elyvilon_temple_path
D:4:      layout_basic, hex_large, uniq_duvessa
D:5:      layout_cave_pools, amcnicky_altar_gilded, xom_confusion_cloud,
          minmay_temple_entry_mist, dk_noncrumbling_4, kb_lookout_dungeons_type
D:6:      layout_loops_cross, mainiacjoe_overflow_catch_the_wave,
          chequers_serial_rivers_small_b, uniq_blork_the_orc
D:7:      layout_basic, nicolae_wu_jian_immortal_techniques,
          mainiacjoe_overflow_small_starburst, grunt_temple_overflow_diamond
D:8:      layout_basic, hellmonk_overflow_destroyed_library,
          mainiacjoe_overflow_boulevard, enter_bailey_3
Bailey:   bailey_axe_3, bailey

Skill      XL: |  1  2  3  4  5  6  7  8  9 |
---------------+----------------------------+-----
Ranged Weapons | 4 5 6 7 8 9 |  9.1
Invocations    | 1 3 5 7 8 10 | 10.0
Armour         | 3 4 |  4.4
Fighting       | 3 4 |  4.5
Dodging        | |  1.7
Stealth        | |  0.8

Action                     |  1- 3 |  4- 6 |  7- 9 || total
---------------------------+-------+-------+-------++-------
   Fire: Shortbow          |    82 |    82 |       ||   164
         Arbalest          |       |    33 |   177 ||   210
 Invoke: Draw Escape       |       |       |     1 ||     1
         Draw Summoning    |       |       |     1 ||     1
    Use: Scroll            |       |     8 |     8 ||    16
         Potion            |       |     2 |     5 ||     7
 Armour: Leather armour    |    10 |    13 |     6 ||    29
         Crystal plate arm |       |       |   127 ||   127
         Ring mail         |       |       |     2 ||     2
  Dodge: Dodged            |     9 |     5 |    19 ||    33
  Block: Other             |     1 |     2 |    27 ||    30
